 Dungeon Crawl Stone Soup version 0.31-a0-366-ga77b45bd9b (webtiles) character file.

Game seed: 8582211194170511647

1384 Kahju the Poker (level 8, 0/70 HPs)
             Began as a Minotaur Berserker on July 28, 2023.
             Was an Elder of Trog.
             Killed from afar by an orc wizard (3 damage)
             ... with a puff of flame
             ... on level 5 of the Dungeon.
             The game lasted 00:56:49 (4433 turns).

Kahju the Poker (Minotaur Berserker)                Turns: 4433, Time: 00:56:50

Health: 0/70       AC: 12    Str: 25    XL:     8   Next: 40%
Magic:  7/7        EV: 11    Int:  4    God:    Trog [****..]
Gold:   308        SH:  0    Dex:  9    Spells: 7/7 levels left

rFire   . . .        v - +5 spear of Imbalance {elec, Contam rC+ rN+}
rCold   + . .        (no shield)
rNeg    + . .        j - +2 scale mail
rPois   .            (helmet restricted)
rElec   .            (no cloak)
rCorr   .            d - +0 pair of gloves
SInv    .            B - +0 pair of boots
Will    .....        (no amulet) Stlth
                     (no ring)
HPRegen 0.31/turn    (no ring)
MPRegen 0.10/turn

%: no passive effects
@: no status effects
A: horns 2, retaliatory headbutt
a: Renounce Religion, Berserk, Trog's Hand, Brothers in Arms


You were on level 5 of the Dungeon.
You worshipped Trog.
Trog was greatly pleased with you.
You visited 1 branch of the dungeon, and saw 5 of its levels.
You also visited: Sewer.

You collected 308 gold pieces.

Inventory:

Hand Weapons
 f - a +0 club
 h - the +1 mace of Sinuercha {freeze, Str+3}
   (You found it on level 2 of the Dungeon)

   Str:       It affects your strength (+3).
 k - a +0 club
 n - a +0 dagger
 o - a +0 club
 q - a +0 dagger
 r - a +0 trident
 u - a +0 rapier of electrocution
 v - the +5 spear of Imbalance (weapon) {elec, Contam rC+ rN+}
   (You found it on level 2 of the Dungeon)

   rC:        It protects you from cold.
   rN:        It protects you from negative energy.
   Contam:    It causes magical contamination when unequipped.
 D - a +0 sling
 J - a +1 whip of venom
Missiles
 w - 26 stones
 A - a throwing net (quivered)
 C - 2 boomerangs
 F - 5 curare-tipped darts
Armour
 b - a +0 animal skin
 d - a +0 pair of gloves (worn)
 j - a +2 scale mail (worn)
 s - a +0 animal skin
 t - a +0 helmet
 z - a +0 ring mail
 B - a +0 pair of boots (worn)
 L - a +0 robe
Jewellery
 N - an amulet of reflection
Scrolls
 l - a scroll of amnesia
 x - 2 scrolls of noise
 y - a scroll of butterflies
 K - a scroll of teleportation
 M - a scroll of fog {unknown}
Potions
 c - 4 potions of ambrosia {unknown}
 m - 2 potions of might
 E - 2 potions of enlightenment {unknown}
 G - 2 potions of mutation
 H - a potion of invisibility {unknown}
 I - a potion of haste {unknown}
 O - a potion of cancellation
 P - a potion of resistance {unknown}
 Q - a potion of curing {unknown}


   Skills:
 + Level 5.8 Fighting
 + Level 4.8 Maces & Flails
 + Level 7.3 Polearms
 + Level 6.8 Armour
 + Level 4.9 Dodging
 + Level 0.7 Stealth


You had 7 spell levels left.
You didn't know any spells.
Your spell library contained the following spells:

 Spells                   Type           Power      Damage    Failure   Level
 Apportation              Tloc           0%         N/A       77%         1
 Necrotise                Necr           0%         1d4       77%         1
 Summon Small Mammal      Summ           0%         N/A       77%         1
 Cigotuvi's Dreadful Rot  Necr/Pois/Air  0%         N/A       88%         2
 Stone Arrow              Conj/Erth      0%         3d7       98%         3
 Animate Armour           Summ/Erth      0%         N/A       100%        4
 Dispel Undead            Necr           0%         3d6       100%        4
 Death Channel            Necr           0%         N/A       100%        6
 Lehudib's Crystal Spear  Conj/Erth      0%         10d2      100%        8


Dungeon Overview and Level Annotations

Branches:
Dungeon (5/15)              Sewer (visited)
 Temple: D:4-7

Altars:
Elyvilon
Yredelemnul
Zin

Shops:
D:1 [


Innate Abilities, Weirdness & Mutations

You have a pair of horns on your head.
You reflexively headbutt those who attack you in melee.


Message History

Trog accepts your kill.
You closely miss something. Your headbutt misses something.
Something hits you but does no damage. x2
You barely miss something. Something hits you.
Something hits you but does no damage.
You barely miss something. Your punch misses something.
Something hits you but does no damage. x2
You hit something. You hit something. Your headbutt misses something.
Something hits you but does no damage. x2
You closely miss something.
You hear some strange, mumbled words.
A magic dart appears from out of thin air!
The magic dart hits you!
* * * LOW HITPOINT WARNING * * *
You hear some strange, mumbled words.
You are confused.
Your magical effects are unravelling.
You feel magically purged.
You feel less confused.
Something hits you but does no damage. x2
A magic dart appears from out of thin air!
The magic dart hits you!
* * * LOW HITPOINT WARNING * * *
You hear some strange, mumbled words.
A magic dart appears from out of thin air!
The magic dart hits you!
* * * LOW HITPOINT WARNING * * *
You hit something but do no damage. Lightning courses through something!
Trog accepts your kill.
Trog appreciates your killing of a magic user.
Reactivating autopickup.
You feel a bit more experienced.
Deactivating autopickup; reactivate with Ctrl-A.
You hit something but do no damage. You miss something.
You hear some strange, mumbled words.
A puff of flame appears from out of thin air!
The puff of flame hits you.
You die...

##.###.......>####.
#..######...######.
#.#######...######.
#.# ######.........
#.# ######.#######.
#.########.#######.
##.##.....#,* #.
#...#.)...#.##* *,
#..@{).)...<..*** *,
#...#))...#...,,* *,
#####.....#,,o,,****
#######,,,,,,,,,
*,,,,,****
*,,,,,****
*,,,,,,,,,
*********, *,


There were no monsters in sight!

Vanquished Creatures
  A yak (D:4)
  3 black bears
  2 ogres
  Blork the orc (D:4)
  2 kobold brigands (Sewer)
  A scorpion (D:4)
  The ghost of blacky4 the Magician, a weakling DjFE (D:4)
  A hound (D:4)
  2 orc wizards
  Robin (D:2)
  7 river rats (Sewer)
  14 adders
  A white imp (D:5)
  A worm (D:4)
  2 dart slugs
  17 orcs
  9 ball pythons
  6 bats
  5 endoplasms
  4 giant cockroaches
  15 goblins
  7 hobgoblins
  6 jackals
  9 quokkas
  4 frilled lizards
  19 kobolds
  22 rats
163 creatures vanquished.

Vanquished Creatures (collateral kills)
  An iguana (D:5)
1 creature vanquished.

Grand Total: 164 creatures vanquished

Notes
Turn   | Place    | Note
-------+----------+-------------------------------------------
     0 | D:1      | Kahju the Minotaur Berserker began the quest for the Orb.
     0 | D:1      | Reached XP level 1. HP: 19/19 MP: 0/0
    81 | D:1      | Reached XP level 2. HP: 22/27 MP: 1/1
   653 | D:1      | Found Uko Yvuicu's Antique Armour Emporium.
   920 | D:2      | Noticed Robin
   928 | D:2      | Reached XP level 3. HP: 32/34 MP: 2/2
   932 | D:2      | Reached ** piety under Trog
   959 | D:2      | Killed Robin
  1154 | D:2      | Identified the +5 spear of Imbalance {elec, Contam rC+ rN+}
  1208 | D:2      | Identified the +1 mace of Sinuercha {freeze, Str+3}
  1685 | D:2      | Reached XP level 4. HP: 41/41 MP: 3/3
  2237 | D:3      | Found a glowing drain.
  2262 | Sewer    | Entered a sewer
  2286 | Sewer    | Reached XP level 5. HP: 45/47 MP: 4/4
  2377 | Sewer    | Reached *** piety under Trog
  2428 | Sewer    | Reached skill level 1 in Polearms
  2481 | Sewer    | Reached skill level 2 in Polearms
  2587 | Sewer    | Reached XP level 6. HP: 53/53 MP: 5/5
  2637 | Sewer    | Reached skill level 3 in Polearms
  3451 | D:4      | Reached skill level 5 in Fighting
  3451 | D:4      | Reached skill level 4 in Polearms
  3513 | D:4      | Reached **** piety under Trog
  3521 | D:4      | Reached XP level 7. HP: 61/61 MP: 6/6
  3577 | D:4      | Found a white marble altar of Elyvilon.
  3755 | D:4      | Found a basalt altar of Yredelemnul.
  3820 | D:4      | Found a glowing silver altar of Zin.
  3866 | D:4      | Reached skill level 5 in Polearms
  3866 | D:4      | Reached skill level 5 in Armour
  3880 | D:4      | Noticed Blork the orc
  3885 | D:4      | Killed Blork the orc
  3917 | D:4      | Found a transporter.
  3922 | D:4      | Noticed a yak
  3922 | D:4      | Noticed blacky4's ghost (weakling DjFE)
  3923 | D:4      | Found a transporter.
  3957 | D:4      | Killed a yak
  3958 | D:4      | Reached skill level 6 in Polearms
  3961 | D:4      | Killed blacky4's ghost
  3962 | D:4      | Reached XP level 8. HP: 40/69 MP: 7/7
  4225 | D:5      | Entered Level 5 of the Dungeon
  4320 | D:5      | Reached skill level 7 in Polearms
  4429 | D:5      | HP: 2/70 [something/magic dart (11)]
  4433 | D:5      | Killed from afar by an orc wizard

Illustrated notes

Levels and vault maps discovered:
D:1:      zelgadis_glass_arrival_small, layout_rooms, serial_shops, shop
D:2:      layout_loops_ring, kennysheep_small_spiral, uniq_robin
D:3:      layout_loops_ring, portal_sewer_entry_f
D:4:      layout_cave_pools, yredelemnul_altar_generic,
          nicolae_elyvilon_peaceful_grove, zin_treasury, gammafunk_ghost_arena,
          serial_rivers, chequers_serial_rivers_micro_e,
          chequers_serial_rivers_micro_b, chequers_serial_rivers_small_3,
          chequers_serial_rivers_marsh, chequers_serial_rivers_micro_d,
          uniq_blork_the_orc
D:5:      layout_loops_ring, tso_oasis_becter

Skill      XL: |  1  2  3  4  5  6  7  8 |
---------------+-------------------------+-----
Maces & Flails | 4 |  4.8
Fighting       | 4 5 |  5.8
Dodging        | 3 4 |  4.9
Armour         | 3 4 5 6 |  6.8
Polearms       | 2 4 6 7 |  7.3
Stealth        | |  0.7

Action                     |  1- 3 |  4- 6 |  7- 9 || total
---------------------------+-------+-------+-------++-------
  Melee: Mace              |    59 |       |       ||    59
         Headbutt          |     4 |    13 |    16 ||    33
         Spear             |    22 |   162 |   118 ||   302
         Trident           |     4 |       |       ||     4
         Punch             |     1 |       |     4 ||     5
 Invoke: Trog's Hand       |       |     1 |       ||     1
         Brothers in Arms  |       |       |     1 ||     1
    Use: Scroll            |     3 |     7 |     1 ||    11
         Potion            |     2 |     1 |     2 ||     5
 Armour: Animal skin       |     6 |       |       ||     6
         Scale mail        |    41 |    67 |    74 ||   182
  Dodge: Dodged            |    59 |    77 |    44 ||   180

Table legend: (Time is in decaauts)
 A = Elapsed time spent in this place.
 B = Non-inter-level travel time spent in this place.
 C = Inter-level travel time spent in this place.
 D = Time resting spent in this place.
 E = Time spent auto-exploring this place.
 F = Levels seen in this place.
 G = Mean time per level.
                   A        B        C        D        E       F      G
               +--------+--------+--------+--------+--------+-----+--------+
         Total |   4472 |   4371 |    101 |    115 |   1628 |   6 |  745.3 |
       Dungeon |   3823 |   3722 |    101 |    115 |   1361 |   5 |  764.6 |
         Sewer |    649 |    649 |      0 |      0 |    266 |   1 |  649.0 |
               +--------+--------+--------+--------+--------+-----+--------+

Top non-repeatable levels by time:
     D:2: 1112 daAuts
     D:1: 884 daAuts
     D:3: 851 daAuts
     D:4: 778 daAuts
   Sewer: 649 daAuts
     D:5: 196 daAuts
